Map: Oxide LE

Players

GunGFuBanDa

  • Race: Protoss Protoss
  • League: Grandmaster
  • Spawn Location: 1:00

HellraiseR - Winner!

  • Race: Protoss Protoss
  • League: Master
  • Spawn Location: 7:00

Event: DreamHack SC2 Masters 2020 Winter

VOD

Have the link to the VOD?

Description

Time

  • Played on: Nov. 4, 2020, 10:42 a.m.
  • Length: 13:33

All games in this series

Show
View Real Time Build Order
Export as new Build Order

GunGFuBanDa Protoss 

Build Orders:  

Get SALT Encoding   

  12  0:00  Probe  
  13  0:12  Probe  
  14  0:19  Pylon  
  14  0:24  Probe (Chrono Boost)  
  15  0:38  Gateway, Probe (Chrono Boost)  
  16  0:45  Probe (Chrono Boost)  
  17  0:50  Assimilator  
  17  0:52  Probe  
  17  0:56  Assimilator  
  18  1:04  Probe (Chrono Boost)  
  18  1:09  Gateway  
  19  1:15  Probe (Chrono Boost)  
  20  1:20  Probe (Chrono Boost)  
  21  1:26  Cybernetics Core  
  21  1:32  Probe  
  22  1:35  Pylon  
  22  1:44  Probe  
  23  1:56  Probe  
  24  2:02  Stalker  
  24  2:03  Warp Gate  
  24  2:08  Probe  
  27  2:10  Sentry  
  27  2:15  Pylon  
  29  2:16  Pylon  
  29  2:20  Probe  
  30  2:38  Nexus  
  30  2:43  Stalker  
  32  2:52  Stalker  
  32  2:55  Probe (Chrono Boost)  
  34  3:07  Probe (Chrono Boost)  
  34  3:08  Forge  
  35  3:15  Probe (Chrono Boost)  
  36  3:20  Pylon  
  36  3:26  Probe  
  37  3:33  Twilight Council  
  37  3:38  Probe  
  37  3:41  Shield Battery  
  38  3:42  Protoss Ground Weapons Level 1 (Chrono Boost)  
  38  3:52  Shield Battery  
  38  3:57  Stalker  
  40  4:03  Probe x2  
  40  4:07  Sentry  
  44  4:15  Probe  
  44  4:16  Probe  
  46  4:22  Stalker, Blink (Chrono Boost)  
  48  4:30  Stalker  
  50  4:33  Probe  
  51  4:39  Probe (Chrono Boost)  
  53  4:47  Stalker  
  53  4:48  Probe (Chrono Boost)  
  53  4:49  Pylon  
  53  4:51  Probe (Chrono Boost)  
  56  4:59  Probe (Chrono Boost)  
  58  5:00  Probe (Chrono Boost)  
  58  5:05  Probe  
  59  5:07  Robotics Facility  
  59  5:09  Probe  
  59  5:11  Assimilator  
  60  5:17  Probe  
  60  5:21  Probe  
  62  5:24  Stalker  
  64  5:29  Probe  
  64  5:30  Nexus  
  64  5:33  Probe  
  66  5:38  Protoss Ground Weapons Level 2 (Chrono Boost)  
  66  5:41  Pylon, Probe  
  65  5:45  Probe  
  65  5:46  Sentry  
  65  5:49  Gateway  
  68  5:51  Gateway  
  68  5:56  Observer  
  69  6:01  Pylon  
  69  6:07  Probe x2  
  70  6:13  Robotics Bay  
  70  6:19  Gateway  
  70  6:20  Gateway  
  70  6:21  Stalker  
  70  6:22  Probe x2  
  74  6:34  Probe x2  
  74  6:35  Photon Cannon  
  74  6:37  Shield Battery  
  76  6:42  Pylon  
  76  6:46  Probe x2  
  78  6:50  Stalker x3  
  84  6:58  Probe  
  84  7:00  Stalker  
  87  7:02  Disruptor (Chrono Boost)  
  89  7:12  Pylon  
  89  7:13  Stalker, Zealot x2  
  85  7:34  Stalker x4  
  93  7:37  Assimilator  
  86  7:47  Warp Prism (Chrono Boost)  
  86  7:48  Zealot x2  
  88  8:00  Protoss Ground Weapons Level 3 (Chrono Boost)  
  88  8:05  Nexus  
  88  8:08  Probe x2  
  88  8:09  Charge (Chrono Boost)  
  90  8:14  Pylon  
  90  8:22  Probe x2  
  92  8:29  Observer  
  92  8:30  Pylon  
  93  8:34  Probe x2  
  93  8:39  Templar Archives  
  95  8:46  Probe  
  96  8:49  Probe  
  96  8:51  Photon Cannon  
  96  8:54  Shield Battery  
  97  8:56  Sentry  
  97  8:57  Zealot x4  
  107  9:05  Gateway x2  
  107  9:07  Pylon  
  105  9:28  High Templar  
  105  9:29  High Templar, Zealot x4  
  121  9:38  Disruptor (Chrono Boost)  
  121  9:43  Archon  
  106  9:46  Shield Battery  
  106  9:47  Shield Battery  
  104  9:53  High Templar  
  104  9:54  High Templar, Zealot  
  104  9:56  Pylon  
  104  9:58  Archon  
  110  10:04  Photon Cannon  
  110  10:06  Zealot  
  112  10:07  Zealot x4  
  112  10:10  Pylon  
  120  10:19  Zealot  
  122  10:26  Zealot x2  
  125  10:29  Zealot x4  
  131  10:40  Probe  
  127  10:47  Stalker x4  
  127  10:49  Assimilator  
  126  10:52  Assimilator, Zealot x3  
  114  11:03  Zealot  
  97  11:13  Zealot x4  
  97  11:14  Zealot x2  
  97  11:15  Probe (Chrono Boost)  
  104  11:20  Probe (Chrono Boost)  
  104  11:22  Probe (Chrono Boost)  
  104  11:25  Probe (Chrono Boost)  
  104  11:29  Probe (Chrono Boost)  
  104  11:30  Probe x2 (Chrono Boost)  
  107  11:38  High Templar x3, Pylon  
  107  11:39  High Templar, Probe  
  116  11:42  Probe  
  116  11:43  Probe  
  116  11:44  Archon x2  
  118  11:48  Photon Cannon  
  118  11:49  Photon Cannon  
  118  11:51  Probe  
  119  11:59  Probe  
  120  12:01  Shield Battery  
  120  12:02  Colossus (Chrono Boost)  
  126  12:12  Pylon  
  126  12:36  Dark Shrine  
  124  12:37  Nexus  
  124  12:38  Pylon  
Show
View Real Time Build Order
Export as new Build Order

HellraiseR Protoss - Winner!

Build Orders: Oracle Opening, Zealot Archon 

Get SALT Encoding   

  12  0:00  Probe  
  13  0:12  Probe  
  14  0:17  Pylon  
  14  0:24  Probe (Chrono Boost)  
  16  0:37  Gateway, Probe (Chrono Boost)  
  16  0:42  Probe (Chrono Boost)  
  16  0:46  Assimilator  
  17  0:52  Probe (Chrono Boost)  
  17  0:54  Assimilator  
  19  1:04  Probe (Chrono Boost)  
  19  1:10  Gateway  
  19  1:13  Probe (Chrono Boost)  
  20  1:18  Probe  
  20  1:24  Cybernetics Core  
  21  1:30  Probe  
  22  1:33  Pylon  
  22  1:42  Probe  
  23  1:54  Probe  
  23  2:00  Stalker x2  
  28  2:02  Warp Gate  
  28  2:07  Probe  
  29  2:13  Pylon  
  29  2:27  Stargate  
  29  2:48  Nexus  
  29  2:51  Probe  
  30  3:00  Shield Battery  
  30  3:03  Probe  
  31  3:07  Oracle (Chrono Boost)  
  34  3:15  Probe  
  34  3:19  Pylon  
  35  3:27  Probe  
  36  3:35  Oracle (Chrono Boost)  
  36  3:40  Robotics Facility  
  39  3:42  Probe  
  40  3:52  Forge  
  41  3:57  Probe (Chrono Boost)  
  41  4:00  Probe (Chrono Boost)  
  44  4:10  Probe (Chrono Boost)  
  44  4:11  Probe (Chrono Boost)  
  44  4:19  Probe x2 (Chrono Boost)  
  46  4:24  Pylon, Protoss Ground Weapons Level 1  
  46  4:27  Probe (Chrono Boost)  
  46  4:28  Observer, Sentry  
  46  4:29  Probe (Chrono Boost)  
  51  4:33  Probe  
  51  4:37  Pylon  
  52  4:39  Probe  
  52  4:44  Assimilator  
  52  4:45  Probe  
  54  4:50  Assimilator, Immortal (Chrono Boost)  
  59  4:52  Probe  
  59  4:57  Probe  
  60  5:05  Probe  
  61  5:09  Probe  
  61  5:10  Twilight Council  
  62  5:17  Probe  
  62  5:20  Immortal (Chrono Boost)  
  63  5:21  Probe  
  63  5:24  Gateway  
  63  5:26  Gateway  
  68  5:43  Gateway  
  68  5:44  Charge (Chrono Boost)  
  68  5:46  Gateway  
  68  5:51  Templar Archives  
  68  5:54  Gateway  
  68  5:55  Gateway  
  68  6:01  Warp Prism  
  70  6:22  Nexus  
  70  6:24  Pylon  
  70  6:26  Pylon  
  70  6:27  High Templar x2, Zealot  
  70  6:32  Archon  
  76  6:33  Zealot  
  76  6:37  Protoss Ground Weapons Level 2  
  78  6:42  Probe x2  
  78  7:01  High Templar  
  78  7:02  High Templar, Zealot x6  
  78  7:05  Archon  
  94  7:10  Pylon  
  94  7:17  Probe x2  
  88  7:27  Zealot x3  
  88  7:29  Probe  
  93  7:31  High Templar x2, Zealot  
  93  7:35  Archon  
  91  7:46  Phoenix (Chrono Boost)  
  91  7:50  Probe x3  
  96  7:56  Assimilator  
  96  8:00  Assimilator  
  96  8:01  Immortal (Chrono Boost)  
  96  8:02  Phoenix (Chrono Boost), Probe x2  
  96  8:04  Shield Battery  
  100  8:10  Zealot x3  
  102  8:24  Phoenix (Chrono Boost)  
  104  8:30  High Templar  
  104  8:31  High Templar, Zealot x3  
  114  8:34  Pylon x2  
  114  8:39  Archon  
  114  8:44  Phoenix (Chrono Boost)  
  114  8:51  Probe  
  114  8:52  Probe  
  114  8:53  Pylon  
  116  8:59  Photon Cannon  
  116  9:00  High Templar  
  116  9:01  High Templar, Zealot x4  
  128  9:04  Archon  
  128  9:09  Zealot x2  
  132  9:23  Pylon x2  
  128  9:24  Probe  
  128  9:30  Zealot x5  
  133  9:43  Phoenix  
  134  9:51  High Templar x2  
  134  9:52  High Templar x2, Zealot x4  
  148  9:54  Protoss Ground Weapons Level 3 (Chrono Boost)  
  148  9:55  Archon  
  148  9:56  Archon  
  150  10:05  Pylon  
  150  10:08  Pylon  
  146  10:25  Zealot x8  
  140  10:45  Phoenix  
  136  10:51  Zealot x5  
  136  10:52  Zealot x3  
  144  11:06  Photon Cannon  
  138  11:11  Probe  
  138  11:14  High Templar x7  
  145  11:22  High Templar, Archon x2  
  145  11:25  Archon  
  138  11:27  Archon  
  138  11:32  Phoenix (Chrono Boost)  
  139  11:43  Nexus, Pylon  
  139  11:48  Pylon  
  139  11:49  High Templar x2  
  139  11:50  Phoenix (Chrono Boost), Zealot x4  
  139  11:53  Archon  
  153  11:56  Warp Prism (Chrono Boost)  
  155  12:14  Stalker, Dark Shrine  
  157  12:16  Zealot  
  157  12:17  Zealot x2  
  157  12:19  Photon Cannon  
  163  12:31  Zealot  
Tags
 
Add a new tag
Caveats
  • Supply blocks, unpowered buildings, or Contaminate may cause inaccurate times.
  • Supply counts are checked every 10 seconds.